 Dungeon Crawl Stone Soup version 0.20.1-1-g8b1a95d (webtiles) character file.

6629 polve the Fighter (level 10, -10/93 HPs)
             Began as a Yellow Draconian Transmuter on Aug 7, 2017.
             Was a High Priest of Okawaru.
             Mangled by a five-headed hydra (11 damage)
             ... on level 2 of the Lair of Beasts.
             The game lasted 00:19:00 (12415 turns).

polve the Fighter (Yellow Draconian Transmuter)    Turns: 12415, Time: 00:19:01

Health: -10/93     AC: 10    Str: 12    XL:     10   Next: 72%
Magic:  7/13       EV: 15    Int: 18    God:    Okawaru [*****.]
Gold:   599        SH:  0    Dex:  9    Spells: 2/13 levels left

rFire    . . .     SeeInvis +     - Unarmed
rCold    . . .     Gourm    +   (no shield)
rNeg     . . .     Faith    .   (armour unavailable)
rPois    +         Spirit   .   t - +1 hat
rElec    +         Reflect  .   w - scarf "Puahade" {rElec MR+ SInv}
rCorr    +         Harm     .   D - +0 pair of gloves
MR       +....                  g - +0 pair of boots
Stlth    +.........             N - amulet of the gourmand
Regen    0.3/turn               e - +3 ring of evasion
MPRegen  0.2/turn               C - ring of poison resistance

@: short of breath, drained
A: spit acid, acid resistance, unfitting armour, horns 1, blurry vision 1,
clumsy 1, deterioration 1, screaming 1, cold-blooded, subdued magic 1, AC +7
a: Breathe Acid, Heroism, Finesse, Renounce Religion


You were on level 2 of the Lair of Beasts.
You worshipped Okawaru.
Okawaru was extremely pleased with you.
You were completely stuffed.

You visited 2 branches of the dungeon, and saw 11 of its levels.

You collected 599 gold pieces.

Inventory:

Hand Weapons
 b - a +9 quick blade
Missiles
 a - 53 arrows (quivered)
Armour
 g - a +0 pair of boots (worn)
 t - a +1 hat (worn)
 w - the scarf "Puahade" (worn) {rElec MR+ SInv}
   (You found it on level 4 of the Dungeon)

   It insulates you from electricity.
   It affects your resistance to hostile enchantments.
   It lets you see invisible.
 D - a +0 pair of gloves (worn)
Jewellery
 e - a +3 ring of evasion (left hand)
 C - a ring of poison resistance (right hand)
 N - an amulet of the gourmand (around neck)
Wands
 o - a wand of disintegration (16/24)
Scrolls
 d - 2 scrolls of fear
 f - 2 scrolls of blinking
 j - 4 scrolls of teleportation
 k - 3 scrolls of remove curse
 m - a scroll of identify
 r - 3 scrolls of recharging
 B - 2 scrolls of enchant armour
 F - 2 scrolls of magic mapping
Potions
 i - 3 potions of invisibility
 l - 2 potions of might
 n - 4 potions of curing
 A - 3 potions of cancellation
Books
 q - a book of Flames

   Spells                             Type                      Level
   a - Flame Tongue                   Conjuration/Fire             1
   b - Throw Flame                    Conjuration/Fire             2
   c - Conjure Flame                  Conjuration/Fire             3
   d - Inner Flame                    Hexes/Fire                   3
   e - Sticky Flame                   Conjuration/Fire             4
   f - Fireball                       Conjuration/Fire             5
 s - a book of Maledictions

   Spells                             Type                      Level
   a - Corona                         Hexes                        1
   b - Ensorcelled Hibernation        Hexes/Ice                    2
   c - Confuse                        Hexes                        3
   d - Tukima's Dance                 Hexes                        3
   e - Dazzling Spray                 Conjuration/Hexes            3
 v - a book of Conjurations

   Spells                             Type                      Level
   a - Magic Dart                     Conjuration                  1
   b - Searing Ray                    Conjuration                  2
   c - Dazzling Spray                 Conjuration/Hexes            3
   d - Fulminant Prism                Conjuration/Hexes            4
   e - Force Lance                    Conjuration/Translocation    4
   f - Iskenderun's Mystic Blast      Conjuration                  4
 x - a book of Callings

   Spells                             Type                      Level
   a - Summon Small Mammal            Summoning                    1
   b - Call Imp                       Summoning                    2
   c - Call Canine Familiar           Summoning                    3
   d - Summon Guardian Golem          Hexes/Summoning              3
   e - Summon Lightning Spire         Summoning/Air                4
   f - Summon Ice Beast               Ice/Summoning                4
 E - a book of Power

   Spells                             Type                      Level
   a - Iskenderun's Battlesphere      Conjuration/Charms           5
   b - Venom Bolt                     Conjuration/Poison           5
   c - Bolt of Magma                  Conjuration/Fire/Earth       5
   d - Iron Shot                      Conjuration/Earth            6
   e - Orb of Destruction             Conjuration                  7
   f - Spellforged Servitor           Conjuration/Summoning        7
 H - a book of Necromancy

   Spells                             Type                      Level
   a - Pain                           Necromancy                   1
   b - Animate Skeleton               Necromancy                   1
   c - Vampiric Draining              Necromancy                   3
   d - Regeneration                   Charms/Necromancy            3
   e - Animate Dead                   Necromancy                   4
   f - Control Undead                 Necromancy                   4
 M - a book of Changes

   Spells                             Type                      Level
   a - Beastly Appendage              Transmutation                1
   b - Sticks to Snakes               Transmutation                2
   c - Spider Form                    Transmutation/Poison         3
   d - Ice Form                       Ice/Transmutation            4
   e - Blade Hands                    Transmutation                5
Comestibles
 c - 11 bread rations
 h - 7 royal jellies
 I - a meat ration
 J - 3 fruits


   Skills:
 - Level 10.2(9.6) Fighting
 - Level 1.7(1.2) Dodging
 - Level 10.0(9.4) Unarmed Combat
 - Level 2.0(1.5) Spellcasting
 + Level 9.5(8.9) Transmutations
 - Level 2.5(2.0) Poison Magic


You had 2 spell levels left.
You knew the following spells:

 Your Spells              Type           Power        Failure   Level  Hunger
a - Beastly Appendage     Tmut           ####..       1%          1    ##.....
b - Sticks to Snakes      Tmut           ####....     1%          2    ###....
c - Spider Form           Tmut/Pois      ###.......   4%          3    ####...
d - Blade Hands           Tmut           ####......   12%         5    ######.


Dungeon Overview and Level Annotations

Branches:
Dungeon (9/15)             Temple (0/1) D:7            Lair (2/6) D:9
  Swamp: Lair:2-4    Shoals: Lair:2-4     Snake: Lair:2-4    Spider: Lair:2-4
    Orc: D:9-12

Altars:
Dithmenos
Elyvilon
Fedhas
Okawaru
Ru
Zin


Innate Abilities, Weirdness & Mutations

You can spit globs of acid.
You are resistant to acid.
Your golden yellow scales are hard. (AC +7)
You cannot fit into any form of body armour.
You are cold-blooded and may be slowed by cold attacks.
You have a pair of small horns on your head.
Scrolls take you a little longer to read.
You are clumsy. (Dex -2)
Your body sometimes deteriorates upon taking damage.
You occasionally shout uncontrollably at your foes.
Your spells are a little easier to cast, but a little less powerful.


Message History

The five-headed hydra bites you!
* * * LOW HITPOINT WARNING * * *
The five-headed hydra bites you!
* * * LOW HITPOINT WARNING * * *
The five-headed hydra barely misses you.
You hit the five-headed hydra but do no damage.
You punch the five-headed hydra!
The five-headed hydra is almost dead.
You barely miss the five-headed hydra.
The five-headed hydra is almost dead.
The five-headed hydra bites you!
* * * LOW HITPOINT WARNING * * *
The five-headed hydra misses you. The five-headed hydra bites you!
* * * LOW HITPOINT WARNING * * *
The five-headed hydra misses you.
The five-headed hydra barely misses you.
You hit the five-headed hydra.
The five-headed hydra is almost dead.
The five-headed hydra bites you!
You die...

#...#
#..## .
##.# ..
#P.# .#
#..###.#..
#.........
#.t.#.#..
##D## #
#@# #..#
#P.# ##..
#.. ....
#.). #....


You could see a five-headed hydra and a crocodile.

Vanquished Creatures
  A two-headed ogre (D:8)
  A gargoyle (D:6)
  A spiny frog (Lair:1)
  A komodo dragon (Lair:1)
  A queen bee (D:9)
  4 hippogriffs
  Eustachio (D:5)
  Grum (D:9)
  2 hungry ghosts (D:7)
  A steam dragon (D:9)
  A water moccasin (Lair:1)
  2 porcupines (Lair:1)
  2 orc warriors
  2 sky beasts
  A hornet zombie (D:6)
  A black bear (D:6)
  An ice beast (D:6)
  A necrophage (D:8)
  3 ogres
  2 centaurs
  3 wolves (D:9)
  7 bullfrogs
  5 killer bees (D:9)
  3 crimson imps
  A centaur zombie (D:5)
  4 hounds
  2 orc priests
  3 jellies
  A gnoll shaman (D:7)
  4 iguanas
  6 orc wizards
  7 worker ants
  A killer bee zombie (D:6)
  A howler monkey zombie (D:4)
  8 gnolls
  3 worker ant zombies
  11 adders
  A shadow imp (D:6)
  3 oozes
  2 adder skeletons (D:7)
  6 dart slugs
  A worm (D:2)
  6 leopard geckos
  24 orcs
  7 giant cockroaches
  10 goblins
  7 hobgoblins
  11 jackals
  7 quokkas
  2 ball pythons
  4 bats
  7 frilled lizards
  A jackal skeleton (D:4)
  6 kobolds
  5 rats
  A plant (D:4)
211 creatures vanquished.

Vanquished Creatures (collateral kills)
  A gnoll (D:4)
1 creature vanquished.

Vanquished Creatures (others)
  A plant (D:4)
1 creature vanquished.

Grand Total: 213 creatures vanquished

Notes
Turn   | Place    | Note
-------+----------+-------------------------------------------
     0 | D:1      | polve the Draconian Transmuter began the quest for the Orb.
     0 | D:1      | Reached XP level 1. HP: 16/16 MP: 3/3
   200 | D:1      | Reached XP level 2. HP: 23/23 MP: 5/5
   446 | D:2      | Learned a level 2 spell: Sticks to Snakes
   695 | D:2      | Reached XP level 3. HP: 25/28 MP: 6/6
  1078 | D:2      | Learned a level 3 spell: Spider Form
  1323 | D:2      | Reached skill level 1 in Poison Magic
  1328 | D:2      | Found a white marble altar of Elyvilon.
  1518 | D:3      | Reached XP level 4. HP: 35/35 MP: 5/7
  1974 | D:3      | Reached XP level 5. HP: 40/40 MP: 3/8
  2300 | D:3      | Noticed a hungry ghost
  3059 | D:4      | Found a sacrificial altar of Ru.
  3444 | D:4      | Reached XP level 6. HP: 30/51 MP: 9/9
  4088 | D:4      | Found an iron altar of Okawaru.
  4088 | D:4      | Found a glowing silver altar of Zin.
  4098 | D:4      | Got a faintly glowing scarf
  4237 | D:4      | Became a worshipper of Warmaster Okawaru
  4697 | D:5      | Entered Level 5 of the Dungeon
  4708 | D:5      | Reached skill level 5 in Unarmed Combat
  4708 | D:5      | Your scales start taking on a golden yellow colour.
  4708 | D:5      | Reached XP level 7. HP: 38/60 MP: 1/10
  4882 | D:5      | Found a shadowy altar of Dithmenos.
  4950 | D:5      | Reached skill level 5 in Fighting
  5000 | D:5      | Noticed Eustachio
  5026 | D:5      | Killed Eustachio
  5026 | D:5      | Reached * piety under Okawaru
  5121 | D:5      | Identified the cursed scarf "Puahade" {rElec MR+ SInv} (You found it on level 4 of the Dungeon)
  5803 | D:6      | Found a white marble altar of Elyvilon.
  5818 | D:6      | Noticed a gargoyle
  5827 | D:6      | Killed a gargoyle
  5827 | D:6      | Reached XP level 8. HP: 27/71 MP: 9/11
  5945 | D:6      | Reached ** piety under Okawaru
  6426 | D:6      | You fall through a shaft for 3 floors!
  6917 | D:9      | Gained mutation: Your spells are a little easier to cast, but a little less powerful. [mutagenic meat]
  6918 | D:9      | Gained mutation: Your body sometimes deteriorates upon taking damage. [mutagenic meat]
  7160 | D:9      | Noticed Grum
  7178 | D:9      | Reached XP level 9. HP: 41/82 MP: 9/12
  7182 | D:9      | Killed Grum
  7187 | D:9      | Reached *** piety under Okawaru
  7366 | D:9      | Noticed a queen bee
  7387 | D:9      | Killed a queen bee
  7550 | D:8      | Noticed a two-headed ogre
  7570 | D:8      | Killed a two-headed ogre
  7570 | D:8      | Reached **** piety under Okawaru
  7570 | D:8      | Reached skill level 10 in Fighting
  7997 | D:7      | Reached skill level 10 in Unarmed Combat
  8334 | D:7      | Learned a level 5 spell: Blade Hands
  8368 | D:7      | Reached skill level 5 in Transmutations
  8368 | D:7      | Reached XP level 10. HP: 85/93 MP: 13/13
  9394 | D:7      | Found a staircase to the Ecumenical Temple.
  9926 | D:8      | Reached ***** piety under Okawaru
 10127 | D:8      | Gained mutation: You occasionally shout uncontrollably at your foes. [mutagenic meat]
 10128 | D:8      | Gained mutation: Scrolls take you a little longer to read. [mutagenic meat]
 10129 | D:8      | Gained mutation: You are clumsy. (Dex -2) [mutagenic meat]
 10130 | D:8      | Gained mutation: You have a pair of small horns on your head. [mutagenic meat]
 10587 | D:8      | Found a blossoming altar of Fedhas.
 10783 | D:9      | Noticed a six-headed hydra
 10826 | D:9      | Found a staircase to the Lair.
 10830 | D:9      | HP: 4/93 [wyvern (2)]
 10841 | Lair:1   | Entered Level 1 of the Lair of Beasts
 11391 | Lair:1   | Noticed a spiny frog
 11401 | Lair:1   | Killed a spiny frog
 11700 | Lair:1   | Received a gift from Okawaru
 12130 | Lair:1   | Found a blossoming altar of Fedhas.
 12393 | Lair:2   | Noticed a five-headed hydra
 12414 | Lair:2   | HP: 1/93 [five-headed hydra (9)]
 12415 | Lair:2   | Mangled by a five-headed hydra

Skill      XL: |  1  2  3  4  5  6  7  8  9 10 |
---------------+-------------------------------+-----
Transmutations | 3 4 5 9 |  9.5
Poison Magic   | 1 2 |  2.5
Fighting       | 3 4 6 8 10 | 10.2
Unarmed Combat | 4 5 6 8 10 | 10.0
Dodging        | |  1.7
Spellcasting   | |  2.0

Action                   |  1- 3 |  4- 6 |  7- 9 | 10-12 || total
-------------------------+-------+-------+-------+-------++-------
Melee: Unarmed           |   171 |   316 |   315 |   234 ||  1036
       Tailslap          |    24 |    41 |    23 |    25 ||   113
       Headbutt          |     2 |     1 |     3 |    18 ||    24
       Kick              |     1 |    19 |    18 |     3 ||    41
       Punch             |       |     5 |    16 |    12 ||    33
       Quick blade       |       |       |       |    12 ||    12
 Cast: Beastly Appendage |     8 |    11 |    17 |     2 ||    38
       Spider Form       |       |     4 |     4 |     1 ||     9
       Sticks to Snakes  |       |     4 |       |     4 ||     8
       Blade Hands       |       |       |       |     3 ||     3
 Abil: Breathe Acid      |       |       |    13 |     3 ||    16
  Use: Scroll            |       |       |     9 |    15 ||    24
       Potion            |       |       |     4 |     2 ||     6
  Eat: Chunk             |     2 |    13 |    21 |    31 ||    67
       Royal jelly       |       |       |     1 |       ||     1
       Fruit             |       |       |       |     2 ||     2
Armor: Skin              |    62 |    68 |    78 |    61 ||   269
Dodge: Dodged            |   105 |   165 |   225 |   182 ||   677
